 Dungeon Crawl Stone Soup version 0.25-a0-166-g16436c4407 (webtiles) character file.

Game seed: 9220503931130224563, levelgen mode: deterministic

2231 Leeroy the Destroyer (level 9, 0/62 HPs)
             Began as a Black Draconian Conjurer on Nov 23, 2019.
             Shot with an arrow by a centaur (14 damage)
             ... on level 8 of the Dungeon.
             The game lasted 00:27:27 (12182 turns).

Leeroy the Destroyer (Black Draconian Conjurer)    Turns: 12182, Time: 00:27:27

Health: 0/62       AC: 10    Str: 12    XL:     9   Next: 14%
Magic:  27/27      EV: 12    Int: 17    God:
Gold:   270        SH:  0    Dex: 12    Spells: 3/20 levels left

rFire    . . .     SeeInvis .   w - +2 scimitar (slice)
rCold    . . .     Gourm    .   (no shield)
rNeg     . . .     Faith    .   (armour unavailable)
rPois    .         Spirit   .   (helmet restricted)
rElec    +         Reflect  .   G - +1 cloak {MR+}
rCorr    .         Harm     .   c - +0 pair of gloves
MR       +....                  (no boots)
Stlth    ++........             (no amulet)
HPRegen  0.20/turn              O - ring of magical power
MPRegen  0.20/turn              (no ring)

@: very slightly contaminated, hasted, very quick
A: breathe lightning, unfitting armour, electricity resistance, cold-blooded, AC
+7
a: Breathe Lightning


You were on level 8 of the Dungeon.
You were hungry.

You visited 2 branches of the dungeon, and saw 9 of its levels.

You collected 450 gold pieces.
You spent 180 gold pieces at shops.

Inventory:

Hand Weapons
 a - a +0 dagger
 m - a +0 short sword
 n - a +2 dagger of protection
 o - a +0 hunting sling
 q - a +0 dagger of draining
 s - a +0 falchion
 w - a +2 scimitar of slicing (weapon)
 D - a +0 mace of distortion
 E - a +0 long sword
 F - a +3 quarterstaff of chaos
 H - a +0 mace of holy wrath
 K - a +0 short sword
 L - a +4 dagger
 N - a +0 rapier
Missiles
 g - 4 javelins
 p - 59 sling bullets
 I - 7 poisoned darts
 J - 12 boomerangs (quivered)
 M - 2 curare-tipped darts
Armour
 c - a +0 pair of gloves (worn)
 r - a +0 buckler
 G - a +1 cloak of magic resistance (worn)
Magical Staves
 u - an uncursed staff of conjuration
Jewellery
 t - a cursed ring of teleportation
 O - a ring of magical power (left hand)
Wands
 l - a wand of paralysis (9)
 x - a wand of random effects (26)
 y - a wand of acid (10)
Scrolls
 d - 4 scrolls of amnesia
 e - 2 scrolls of remove curse
 f - a scroll of immolation {unknown}
 h - 4 scrolls of teleportation
 i - 3 scrolls of enchant armour {unknown}
 k - a scroll of random uselessness {unknown}
 B - 2 scrolls of blinking {unknown}
 C - a scroll of magic mapping {unknown}
 S - a scroll of identify
Potions
 j - a potion of magic {unknown}
 v - 2 potions of curing
 A - a potion of lignification {unknown}
 P - 2 potions of degeneration
 Q - a potion of brilliance {unknown}
Comestibles
 b - 7 rations
 R - a chunk of flesh


   Skills:
 + Level 6.9 Long Blades
 - Level 1.7 Dodging
 - Level 1.7 Stealth
 - Level 6.1 Spellcasting
 - Level 8.3 Conjurations
 - Level 2.1 Translocations


You had 3 spell levels left.
You knew the following spells:

 Your Spells              Type           Power        Failure   Level  Hunger
b - Searing Ray           Conj           ####..       1%          2    None
c - Iskenderun's Mystic   Conj           ####....     4%          4    ####...
d - Dazzling Spray        Conj/Hex       ###...       7%          3    ##.....
e - Force Lance           Conj/Tloc      ###.....     14%         4    ####...
f - Fulminant Prism       Conj/Hex       ###.......   22%         4    ####...

Your spell library contained the following spells:

 Spells                   Type           Power        Failure   Level  Hunger
 Magic Dart               Conj           ####         1%          1    None


Dungeon Overview and Level Annotations

Branches:
Dungeon (8/15)             Temple (1/1) D:5
   Lair: D:8-11

Altars:
Ashenzari
Cheibriados
Elyvilon
Fedhas
Gozag
Hepliaklqana
Kikubaaqudgha
Makhleb
Nemelex Xobeh
Qazlal
Ru
Sif Muna
Uskayaw
Vehumet
Wu Jian
Yredelemnul
Zin
The Shining One

Shops:
D:5 (

Annotations:
D:6 3 runed translucent doors, Ratty's ghost, novice MiFi


Innate Abilities, Weirdness & Mutations

You can breathe wild blasts of lightning.
Your glossy black scales are hard. (AC +7)
You cannot fit into any form of body armour.
You are resistant to electric shocks. (rElec)
You are cold-blooded and may be slowed by cold attacks.


Message History

The orc wizard barely misses you.
You riposte.
You slash the orc wizard!
The orc wizard is severely wounded.
An orc wizard comes into view.
It is wielding a +0 dagger and wearing a +2 robe of fire resistance.
The bullfrog hits you. The centaur misses you.
You feel yourself speed up.
The orc wizard points at you and mumbles some strange words.
The magic dart hits you but does no damage.
The bullfrog barely misses you.
You riposte.
You completely miss the bullfrog.
The bullfrog is lightly wounded.
The centaur barely misses you.
The orc wizard mumbles some strange words.
The orc wizard blinks!
The bullfrog hits you.
* * * LOW HITPOINT WARNING * * *
The centaur shoots an arrow.
The arrow closely misses you.
You hear a shout!
An orc comes into view.
It is wielding a +0 dagger and carrying a wand of disintegration (9).
The orc shouts!
The centaur shoots an arrow.
The arrow hits you!
You die...

.#.# #...............#..#.#....
##..# # ........####.>....)......
...####..........................
......#.##.>....#####.....#.#....
............o#.o.####.#.###......
......###.#.#..#.#....#..........
....[..z.....c...).###...####....
.....(.......h.....(.............
#######.z..zz..F@...........#..))
#...(.....................).
#..........))..<..#######.#.
#.................# #...
######.....o....8......# #######.
.#.........##.......)..###.....<.
.#.......#####8...8........######
.......................#####
.#############..8..#####


You could see a black bear, a bullfrog, a centaur, 2 wights, 2 orc wizards and
an orc.

Vanquished Creatures
  An ice beast (D:7)
  A sky beast (D:7)
  An ogre (D:7)
  A phantom (D:5)
  3 centaurs
  A big kobold (D:7)
  3 bullfrogs (D:7)
  A scorpion (D:4)
  4 killer bees (D:7)
  A crimson imp (D:5)
  A quasit (D:5)
  6 orc wizards
  7 hounds
  A jelly (D:5)
  An orc priest (D:2)
  Crazy Yiuf (D:6)
  A bullfrog skeleton (D:5)
  Terence (D:3)
  Ijyb (D:3)
  Natasha (thrice) (D:3)
  3 worker ants
  A killer bee zombie (D:5)
  A hound zombie (D:6)
  A hound skeleton (D:8)
  Robin (D:2)
  3 gnolls
  13 adders
  An ooze (D:3)
  2 adder skeletons
  2 worms
  A dart slug (D:5)
  7 leopard geckos
  31 orcs
  2 ball pythons
  3 bats
  7 giant cockroaches
  16 goblins
  7 hobgoblins
  11 jackals
  13 kobolds
  3 quokkas
  11 frilled lizards
  7 rats
187 creatures vanquished.

Vanquished Creatures (others)
  A fulminant prism (D:8)
1 creature vanquished.

Grand Total: 188 creatures vanquished

Notes
Turn   | Place    | Note
-------+----------+-------------------------------------------
     0 | D:1      | Leeroy the Draconian Conjurer began the quest for the Orb.
     0 | D:1      | Reached XP level 1. HP: 14/14 MP: 3/3
   496 | D:1      | Reached XP level 2. HP: 12/20 MP: 5/5
   764 | D:1      | Reached skill level 5 in Conjurations
   772 | D:1      | Learned a level 2 spell: Searing Ray
  1205 | D:1      | Reached XP level 3. HP: 26/26 MP: 1/6
  2179 | D:2      | Reached XP level 4. HP: 23/33 MP: 4/7
  2185 | D:2      | Learned a level 4 spell: Iskenderun's Mystic Blast
  2327 | D:2      | Found a shimmering blue altar of Sif Muna.
  2425 | D:2      | Noticed Robin
  2448 | D:2      | Killed Robin
  2516 | D:2      | Found an opulent altar of Gozag.
  2580 | D:2      | Reached skill level 6 in Conjurations
  2888 | D:2      | Reached XP level 5. HP: 29/38 MP: 8/8
  3507 | D:3      | HP: 1/38 [gnoll/+0 halberd (2)]
  3904 | D:3      | Found a basalt altar of Yredelemnul.
  3936 | D:3      | Found a burning altar of Makhleb.
  3947 | D:3      | Found a stormy altar of Qazlal.
  3957 | D:3      | Noticed Natasha
  4041 | D:3      | Noticed Ijyb
  4377 | D:4      | Reached skill level 7 in Conjurations
  4385 | D:4      | Reached XP level 6. HP: 28/45 MP: 1/9
  5019 | D:5      | Entered Level 5 of the Dungeon
  5196 | D:5      | Reached skill level 8 in Conjurations
  5425 | D:5      | Found Xihint's Weapon Boutique.
  5434 | D:5      | Bought a +2 scimitar of slicing for 180 gold pieces
  5500 | D:5      | Found a glowing golden altar of the Shining One.
  5688 | D:5      | Your scales start taking on a glossy black colour.
  5688 | D:5      | Reached XP level 7. HP: 50/50 MP: 10/10
  5688 | D:5      | Gained mutation: You are resistant to electric shocks.
                  | (rElec) [Black Draconian growth]
  6032 | D:5      | Found a staircase to the Ecumenical Temple.
  6041 | Temple   | Entered the Ecumenical Temple
  6417 | D:5      | Learned a level 3 spell: Dazzling Spray
  6469 | D:5      | Found a radiant altar of Vehumet.
  6553 | D:5      | Found a snail-covered altar of Cheibriados.
  6982 | D:3      | Killed Ijyb
  7012 | D:3      | Killed Natasha
  7033 | D:3      | Noticed Natasha
  7102 | D:3      | Killed Natasha
  7219 | D:3      | Noticed Natasha
  7244 | D:3      | Killed Natasha
  7496 | D:3      | Noticed Terence
  7501 | D:3      | Killed Terence
  7690 | D:6      | Noticed Ratty's ghost (novice MiFi)
  7694 | D:5      | Reached skill level 5 in Spellcasting
  8113 | D:6      | Found a runed translucent gate.
  8113 | D:6      | Found a runed translucent gate.
  8114 | D:6      | Found a runed translucent gate.
  8393 | D:6      | Found a runed translucent door.
  8394 | D:6      | Noticed Crazy Yiuf
  8406 | D:6      | Learned a level 4 spell: Force Lance
  8504 | D:6      | Killed Crazy Yiuf
  8584 | D:7      | Reached XP level 8. HP: 57/57 MP: 1/16
  9076 | D:7      | Found a hazy altar of Hepliaklqana.
  9101 | D:7      | Reached skill level 1 in Translocations
  9488 | D:7      | Reached skill level 1 in Long Blades
 10162 | D:7      | Learned a level 4 spell: Fulminant Prism
 10718 | D:7      | Found a hide-covered altar of Uskayaw.
 11266 | D:8      | Reached skill level 5 in Long Blades
 11693 | D:7      | Reached XP level 9. HP: 13/62 MP: 6/18
 12182 | D:8      | Shot with an arrow by a centaur

Levels and vault maps discovered:
D:1:      sevenhm_arrival_forest_fort_small_4, layout_basic
D:2:      layout_loops_corners, grunt_gozag_statues, marbit_many_paths,
          uniq_robin
D:3:      layout_rooms, yredelemnul_altar_generic, bloody_makhleb,
          grunt_qazlal_clouds, uniq_ijyb, uniq_terence, uniq_natasha
D:4:      layout_basic
D:5:      layout_basic, kennysheep_slug_shrine, kennysheep_mini_moat,
          lemuel_crystal_altar, minmay_temple_entry_poolview, serial_shops,
          nicolae_shop_statue_plus, first_ration, lemuel_flame_loot_1
D:6:      layout_cave_pools, gammafunk_ghost_icy, minmay_liquid_box,
          uniq_crazy_yiuf_cottage
D:7:      layout_loops_cross, eat_drink_and_be_merry_uskayaw, old_standard_altar
D:8:      layout_rooms, kennysheep_little_box, amethyst_overflow_temple_binary,
          nicolae_ossuary_entry_monument, serial_shops, shop
Temple:   nicolae_temple_figure_zero

Skill      XL: |  1  2  3  4  5  6  7  8 |
---------------+-------------------------+-----
Conjurations   | 5 6 7 8 |  8.3
Spellcasting   | 5 6 |  6.1
Translocations | 2 |  2.1
Long Blades    | 6 |  6.9
Dodging        | |  1.7
Stealth        | |  1.7

Action                   |  1- 3 |  4- 6 |  7- 9 || total
-------------------------+-------+-------+-------++-------
Melee: Dagger            |   110 |   206 |    58 ||   374
       Unarmed           |    26 |       |       ||    26
       Tailslap          |    10 |    25 |    23 ||    58
       Short sword       |    18 |       |       ||    18
       Scimitar          |       |    28 |   228 ||   256
       Staff             |       |    25 |     1 ||    26
 Cast: Magic Dart        |    21 |     7 |     3 ||    31
       Searing Ray       |     5 |     6 |     6 ||    17
       Iskenderun's Myst |       |     9 |    20 ||    29
       Force Lance       |       |       |     6 ||     6
       Dazzling Spray    |       |       |    10 ||    10
       Fulminant Prism   |       |       |     1 ||     1
 Abil: Breathe Lightning |       |       |     2 ||     2
  Use: Potion            |       |       |     3 ||     3
       Scroll            |       |       |     8 ||     8
 Stab: Sleeping          |       |     4 |     1 ||     5
       Invisible         |       |       |     3 ||     3
  Eat: Chunk             |     5 |    10 |    20 ||    35
       Ration            |       |     1 |     2 ||     3
Armor: Skin              |    45 |   130 |   202 ||   377
Dodge: Dodged            |   127 |   193 |   302 ||   622
       Rpst.: Scimitar   |       |     7 |    60 ||    67

Table legend:
 A = Non-vault XP
 B = Vault XP
 C = Vault XP percentage of total XP
 D = Non-vault monster count
 E = Vault monster count
 F = Vault count percentage of total count
                 A         B        C        D         E       F
            +---------+---------+-------+---------+---------+-------
      Total |    3009 |     179 |   5.6 |     174 |      13 |   7.0
            +---------+---------+-------+---------+---------+-------
        D:1 |      45 |       0 |   0.0 |      28 |       0 |   0.0
        D:2 |     152 |      29 |  16.0 |      23 |       8 |  25.8
        D:3 |     167 |     106 |  38.8 |      26 |       3 |  10.3
        D:4 |     153 |       0 |   0.0 |      15 |       0 |   0.0
        D:5 |     590 |       4 |   0.7 |      21 |       1 |   4.5
        D:6 |     129 |      40 |  23.7 |       7 |       1 |  12.5
        D:7 |    1440 |       0 |   0.0 |      41 |       0 |   0.0
        D:8 |     333 |       0 |   0.0 |      13 |       0 |   0.0
            +---------+---------+-------+---------+---------+-------
